 Dungeon Crawl Stone Soup version 0.32-a0-898-g7811c86cf0 (webtiles) character file.

Game seed: 12505694979768875269

1171 circumfission the Chopper (level 8, -11/84 HPs)
             Began as an Oni Monk on Apr 4, 2024.
             Shot with an arrow by a centaur (13 damage)
             ... on level 5 of the Dungeon.
             The game lasted 00:26:03 (5890 turns).

circumfission the Chopper (Oni Monk)                Turns: 5890, Time: 00:26:03

Health: -11/84     AC:  7    Str: 18    XL:     8   Next: 41%
Magic:  8/8        EV: 10    Int: 11    God:
Gold:   290        SH:  0    Dex: 11    Spells: 6/7 levels left

rFire   . . .        a - +1 hand axe
rCold   . . .        d - orb {light}
rNeg    . . .        b - +2 robe
rPois   .            (helmet restricted)
rElec   .            p - +1 cloak
rCorr   .            (gloves unavailable)
SInv    .            (boots unavailable)
Will    .....        j - amulet of the acrobat
Stlth   +            (no ring)
HPRegen 0.34/turn    (no ring)
MPRegen 0.11/turn

%: acrobat
@: glowing
A: large, unfitting armour, horns 1, tough skin 1, double potion healing,
drunken brawling
a: no special abilities


You were on level 5 of the Dungeon.
You visited 2 branches of the dungeon, and saw 6 of its levels.

You collected 290 gold pieces.

Inventory:

Hand Weapons
 a - a +1 hand axe (weapon)
 l - the +6 short sword of Byopro Rouxe {antimagic, rCorr}
   (You found it on level 2 of the Dungeon)

   rCorr:     It protects you from acid and corrosion.
 o - a +3 quarterstaff of chaos
Missiles
 u - a throwing net (quivered)
Armour
 b - a +2 robe (worn)
 d - an orb of light (worn)
 p - a +1 cloak (worn)
Jewellery
 j - an amulet of the acrobat (around neck)
Talismans
 n - a serpent talisman
Wands
 t - a wand of mindburst (11)
Scrolls
 e - a scroll of immolation {unknown}
 q - a scroll of teleportation {unknown}
Potions
 f - 2 potions of attraction
 g - a potion of curing
 h - a potion of cancellation {unknown}
 k - a potion of degeneration {unknown}
 r - a potion of haste {unknown}


   Skills:
 + Level 6.9 Fighting
 + Level 0.7 Short Blades
 + Level 7.5 Axes
 + Level 5.1 Dodging
 + Level 1.2 Stealth


You had 6 spell levels left.
You knew the following spells:

 Your Spells              Type           Power      Damage    Failure   Level
a - Sting                 Conj/Alch      0%         1d3       34%         1

Your spell library contained the following spells:

 Spells                   Type           Power      Damage    Failure   Level
 Mercury Vapours          Alch/Air       0%         N/A       47%         2
 Hailstorm                Conj/Ice       0%         3d5       71%         3
 Summon Ice Beast         Ice/Summ       0%         N/A       71%         3
 Olgreb's Toxic Radiance  Alch           0%         N/A       98%         4
 Permafrost Eruption      Ice/Erth       0%         2x4d1     100%        6
 Sculpt Simulacrum        Ice/Alch       0%         N/A       100%        6


Dungeon Overview and Level Annotations

Branches:
Dungeon (5/15)             Temple (1/1) D:5

Altars:
Ashenzari
Gozag
Hepliaklqana
Kikubaaqudgha
Makhleb
Nemelex Xobeh
Qazlal
Ru
Sif Muna
Trog
Uskayaw
Yredelemnul
Zin
The Shining One

Shops:
D:3 ?

Annotations:
D:5 Prince Ribbit


Innate Abilities, Weirdness & Mutations

You are too large for most types of armour.
You have a pair of small horns on your head.
You have tough skin. (AC +1)
You gain doubled healing and magic from potions.
Whenever you drink a healing potion, you attack all around you.


Message History

The hound is moderately wounded.
You hit the scorpion. The scorpion misses you. The hound misses you.
The centaur shoots an arrow.
The arrow hits you!
You closely miss the hound.
The hound is moderately wounded.
You hit the scorpion. The hound barely misses you.
The centaur shoots an arrow.
The arrow hits you!
* * * LOW HITPOINT WARNING * * *
The scorpion completely misses you.
You hit the hound but do no damage.
The hound is moderately wounded.
You hit the scorpion. The hound bites you but does no damage.
The centaur shoots an arrow.
The arrow hits you.
* * * LOW HITPOINT WARNING * * *
The scorpion stings you.
* * * LOW HITPOINT WARNING * * *
The hound barely misses you.
The centaur shoots an arrow.
The arrow hits you!
* * * LOW HITPOINT WARNING * * *
You hit the hound.
The hound is severely wounded.
You hit the scorpion.
The scorpion stings you but does no damage.
The hound bites you.
* * * LOW HITPOINT WARNING * * *
The centaur shoots an arrow.
The arrow hits you.
* * * LOW HITPOINT WARNING * * *
There are monsters nearby!
You barely miss the hound. You headbutt the hound.
The hound is severely wounded.
You hit the scorpion.
You kill the scorpion!
The hound bites you but does no damage.
The centaur shoots an arrow.
The arrow closely misses you. The hound bites you but does no damage.
The centaur shoots an arrow.
The arrow closely misses you.
You hit the hound but do no damage.
You headbutt the hound, but do no damage.
The hound is severely wounded.
The hound bites you but does no damage.
The centaur shoots an arrow.
The arrow hits you!
You die...

#.##.##.#####.##.####...#
###.##.##.# #.##.# .##
#...##.##.# #.##.#
#.####.##.# #.##.# #.#
#.##.#####.##.### #.#
#.#.)...........#
#.####.##.#####c##.#.#
..<.......# ##.##.#...
..........# #.h@..# ###
#.####.#### #.†#### #.#
#.# #÷.# #.# #.#
###..#### #.# #.#
#))))...# #.#
#.#####)#####.# #.#
#.#...)).## .#
#.####.#..~§~..## ..
#....(...~§§~~..# .##


You could see a centaur and a hound.

Vanquished Creatures
  2 black bears (D:4)
  3 ogres
  2 scorpions
  A howler monkey (D:5)
  A bombardier beetle (D:4)
  2 hounds
  A jelly (D:5)
  Crazy Yiuf (D:2)
  An orc priest (D:4)
  A gnoll bouda (D:5)
  2 iguanas
  Robin (D:2)
  3 adders
  12 gnolls
  2 ufetubi (D:5)
  2 ribbon worms
  6 dart slugs
  12 orcs
  10 endoplasms
  7 giant cockroaches
  11 goblins
  15 hobgoblins
  5 quokkas
  13 ball pythons
  8 bats
  4 frilled lizards
  8 kobolds
  5 rats
141 creatures vanquished.

Notes
Turn   | Place    | Note
-------+----------+-------------------------------------------
     0 | D:1      | circumfission the Oni Monk began the quest for the Orb.
     0 | D:1      | Reached XP level 1. HP: 24/24 MP: 1/1
    94 | D:1      | Reached XP level 2. HP: 18/32 MP: 2/2
   355 | D:1      | Reached XP level 3. HP: 34/40 MP: 3/3
   863 | D:2      | Noticed Robin
   876 | D:2      | Killed Robin
   877 | D:2      | Reached skill level 4 in Axes
   877 | D:2      | Reached XP level 4. HP: 28/49 MP: 4/4
  1497 | D:2      | Identified the +6 short sword of Byopro Rouxe {antimagic,
                  | rCorr}
  1501 | D:2      | Learned a level 1 spell: Sting
  1975 | D:2      | Found a runed translucent door.
  1976 | D:2      | Noticed Crazy Yiuf
  1983 | D:2      | Killed Crazy Yiuf
  1984 | D:2      | Reached XP level 5. HP: 26/55 MP: 1/5
  2819 | D:3      | Found Uxez's Magic Scroll Shop.
  3060 | D:3      | Identified the +2 leather armour of Mois {*Slow rElec
                  | Str+2}
  3118 | D:4      | Noticed an ogre
  3119 | D:4      | Noticed a black bear
  3126 | D:4      | Killed an ogre
  3127 | D:4      | Reached skill level 5 in Fighting
  3127 | D:4      | Reached skill level 5 in Axes
  3127 | D:4      | Reached XP level 6. HP: 50/66 MP: 6/6
  3129 | D:4      | Killed a black bear
  3452 | D:4      | Reached XP level 7. HP: 47/72 MP: 7/7
  3547 | D:4      | Reached skill level 6 in Axes
  5109 | D:5      | Entered Level 5 of the Dungeon
  5132 | D:5      | Reached skill level 1 in Stealth
  5132 | D:5      | Reached XP level 8. HP: 62/84 MP: 8/8
  5151 | D:5      | Reached skill level 7 in Axes
  5157 | D:5      | Found a staircase to the Ecumenical Temple.
  5336 | Temple   | Entered the Ecumenical Temple
  5662 | D:5      | Reached skill level 5 in Dodging
  5682 | D:5      | Noticed Prince Ribbit
  5704 | D:5      | HP: 1/84 [iguana (4)]
  5888 | D:5      | HP: 2/84 [centaur/arrow (6)]
  5890 | D:5      | Shot with an arrow by a centaur

Illustrated notes

Levels and vault maps discovered:
D:1:      shiori_shiawase, layout_basic
D:2:      layout_basic, uniq_crazy_yiuf_cottage, uniq_robin
D:3:      layout_rooms, serial_shops, nicolae_shop_just_a_little_nook,
          serial_bayou_pond_c
D:4:      layout_layer_cave, dreamdust_wishing_well, minmay_bent
D:5:      layout_loops_ring, minmay_temple_entry_mist, uniq_prince_ribbit1
Temple:   dpeg_chambers_temple

Skill      XL: |  1  2  3  4  5  6  7  8 |
---------------+-------------------------+-----
Dodging        | 3 4 5 |  5.1
Axes           | 4 5 6 7 |  7.5
Fighting       | 5 6 |  6.9
Stealth        | 1 |  1.2
Short Blades   | |  0.7

Action                     |  1- 3 |  4- 6 |  7- 9 || total
---------------------------+-------+-------+-------++-------
  Melee: Hand axe          |    75 |   134 |   144 ||   353
         Headbutt          |    16 |    55 |    52 ||   123
         Short sword       |       |    26 |       ||    26
    Use: Scroll            |       |     9 |     2 ||    11
         Potion            |       |       |     5 ||     5
 Armour: Robe              |    67 |    77 |   152 ||   296
  Dodge: Dodged            |    56 |   103 |   150 ||   309

Table legend: (Time is in decaauts)
 A = Elapsed time spent in this place.
 B = Non-inter-level travel time spent in this place.
 C = Inter-level travel time spent in this place.
 D = Time resting spent in this place.
 E = Time spent auto-exploring this place.
 F = Levels seen in this place.
 G = Mean time per level.
                   A        B        C        D        E       F      G
               +--------+--------+--------+--------+--------+-----+--------+
         Total |   5882 |   5882 |      0 |   1020 |    934 |   6 |  980.3 |
       Dungeon |   5630 |   5630 |      0 |   1020 |    934 |   5 | 1126.0 |
        Temple |    251 |    251 |      0 |      0 |      0 |   1 |  251.0 |
               +--------+--------+--------+--------+--------+-----+--------+

Top non-repeatable levels by time:
     D:4: 2036 daAuts
     D:2: 1573 daAuts
     D:1: 869 daAuts
     D:3: 626 daAuts
     D:5: 524 daAuts
  Temple: 251 daAuts
